 Dungeon Crawl Stone Soup version 0.27-a0-681-g0c81a3c1c3 (webtiles) character file.

Game seed: 13043033136082777824

5689 mdonais the Archer (level 10, 0/61 HPs)
             Began as a Deep Elf Hunter on Mar 19, 2021.
             Was an Elder of Okawaru.
             Slain by an orc knight
             ... wielding a +0 halberd
              (28 damage)
             ... on level 10 of the Dungeon.
             The game lasted 00:58:37 (19292 turns).

mdonais the Archer (Deep Elf Hunter)               Turns: 19292, Time: 00:58:37

Health: 0/61       AC: 16    Str: 18    XL:     10   Next: 47%
Magic:  15/15      EV: 13    Int: 17    God:    Okawaru [****..]
Gold:   491        SH:  0    Dex: 15    Spells: 9/9 levels left

rFire    . . .     SeeInvis .   a - +3 shortbow
rCold    + . .     Faith    .   (shield currently unavailable)
rNeg     . . .     Spirit   .   m - +2 chain mail {Will+}
rPois    .         Reflect  .   (no helmet)
rElec    .         Harm     .   (no cloak)
rCorr    .         Rampage  .   s - +2 pair of gloves
Will     ++...                  (no boots)
Stlth    +.........             (no amulet)
HPRegen  0.20/turn              c - ring of protection from cold
MPRegen  0.14/turn              A - +6 ring of strength

@: heroic, studying Ice Magic
A: no striking features
a: Renounce Religion, Heroism


You were on level 10 of the Dungeon.
You worshipped Okawaru.
Okawaru was greatly pleased with you.
You visited 2 branches of the dungeon, and saw 11 of its levels.

You collected 524 gold pieces.
You spent 33 gold pieces at shops.

Inventory:

Hand Weapons
 a - a +3 shortbow (weapon)
   (You took it off a centaur on level 7 of the Dungeon)
 b - the +10 whip of the Absolute Madman {drain, MP+9 Stlth+}
   (You found it on level 6 of the Dungeon)

   A truly terrible weapon, it drains the life of those it strikes.
   It affects your magic capacity (+9).
   It makes you more stealthy.
 u - a +3 halberd of freezing
   (You took it off a wight on level 6 of the Dungeon)
 G - the +8 spear of the Pure Princes {flame, Dex+7}
   (You found it on level 10 of the Dungeon)

   It has been specially enchanted to burn those struck by it, causing extra
   injury to most foes and up to half again as much damage against particularly
   susceptible opponents.
   It affects your dexterity (+7).
Missiles
 d - 134 arrows (quivered ammo)
 e - 76 sling bullets
 f - 332 stones
 j - 122 bolts
 o - 61 poisoned darts
 t - 2 boomerangs
 v - 7 javelins
Armour
 m - a +2 chain mail of willpower (worn)
   (You took it off an orc warrior on level 6 of the Dungeon)
 s - a +2 pair of gloves (worn)
   (You found it on level 5 of the Dungeon)
 y - the +1 scale mail of Context {Rampage rPois Int+3}
   (You found it on level 6 of the Dungeon)

   It affects your intelligence (+3).
   It protects you from poison.
   It bestows one free step when moving towards enemies.
 N - a +1 chain mail of cold resistance
   (You found it on level 8 of the Dungeon)
Jewellery
 c - a ring of protection from cold (right hand)
   (You found it on level 3 of the Dungeon)
 A - a +6 ring of strength (left hand)
   (You found it on level 5 of the Dungeon)
Wands
 p - a wand of polymorph (9)
   (You took it off a gnoll sergeant on level 7 of the Dungeon)
 D - a wand of digging (1)
   (You found it on level 6 of the Dungeon)
 F - a wand of charming (6)
   (You found it on level 9 of the Dungeon)
 I - a wand of iceblast (5)
   (You found it on level 8 of the Dungeon)
 J - a wand of mindburst (14)
   (You found it on level 10 of the Dungeon)
 V - a wand of flame (23)
   (You found it on level 9 of the Dungeon)
Scrolls
 g - 3 scrolls of enchant weapon {unknown}
 i - 2 scrolls of vulnerability
 l - 2 scrolls of immolation
 z - a scroll of fear
 E - a scroll of summoning
 H - a scroll of fog
 T - 3 scrolls of teleportation
Potions
 h - 2 potions of flight {unknown}
 k - a potion of magic {unknown}
 n - a potion of berserk rage {unknown}
 q - 2 potions of haste {unknown}
 r - 2 potions of attraction {unknown}
 w - 3 potions of curing {unknown}
 x - a potion of lignification {unknown}
 C - a potion of mutation {unknown}
 K - a potion of invisibility {unknown}
 L - a potion of resistance {unknown}
 M - a potion of might {unknown}


   Skills:
 + Level 6.7(11.7) Fighting
 + Level 11.2(16.2) Bows
 + Level 4.5(9.5) Armour
 + Level 9.5(14.5) Dodging
 - Level 4.6(9.6) Stealth
 - Level 4.0 Invocations
 - Level 3.0 Evocations


You had 9 spell levels left.
You didn't know any spells.
Your spell library contained the following spells:

 Spells                   Type           Power      Damage    Failure   Level
 Animate Skeleton         Necr           0%         N/A       91%         1
 Apportation              Tloc           0%         N/A       91%         1
 Corona                   Hex            0%         N/A       91%         1
 Summon Small Mammal      Summ           0%         N/A       91%         1
 Call Imp                 Summ           0%         N/A       97%         2
 Call Canine Familiar     Summ           0%         N/A       99%         3
 Confusing Touch          Hex            0%         N/A       99%         3
 Gell's Gravitas          Tloc           0%         N/A       99%         3
 Summon Guardian Golem    Hex/Summ       0%         N/A       99%         3
 Petrify                  Tmut/Erth      0%         N/A       100%        4
 Summon Ice Beast         Ice/Summ       0%         N/A       100%        4
 Summon Lightning Spire   Summ/Air       0%         N/A       100%        4
 Metabolic Englaciation   Hex/Ice        0%         N/A       100%        5
 Yara's Violent Unravell  Hex/Tmut       0%         3d3       100%        5


Dungeon Overview and Level Annotations

Branches:
Dungeon (10/15)            Temple (1/1) D:4            Lair (0/6) D:9
    Orc: D:9-12

Altars:
Ashenzari
Cheibriados
Dithmenos
Elyvilon
Fedhas
Gozag
Hepliaklqana
Kikubaaqudgha
Makhleb
Nemelex Xobeh
Okawaru
Qazlal
Ru
Sif Muna
Trog
Uskayaw
Vehumet
Wu Jian
Xom
Yredelemnul
Zin
The Shining One

Shops:
D:1 (   D:2 *   D:4 ?   D:10 (

Annotations:
D:7 2 transporters, Maggie; rz's ghost, novice MfVM
D:10 exclusion: 3 doors


Message History

The cyclops is moderately wounded.
You shoot an arrow. The arrow barely misses the cyclops.
The cyclops throws a large rock.
The large rock hits you!!!
Ouch! That really hurt!
You take 38 damage, and have 23/61 hp.
MASSIVE DAMAGE!!
You see here a +1 flail of protection.
There is a stone staircase leading up here.
You climb upwards.
There is a stone staircase leading down here.
You start resting.
HP restored.
Health restored: 61 You climb downwards.
Level annotation: exclusion: 2 doors
There is a stone staircase leading up here.
You see here a +1 flail of protection.
A cyclops is nearby!
The cyclops throws a large rock.
The large rock hits you!
You see here a +1 flail of protection.
You take 7 damage, and have 54/61 hp.
There is a stone staircase leading up here.
You shoot an arrow. The arrow hits the cyclops!
The cyclops is lightly wounded.
You shoot an arrow. The arrow barely misses the cyclops.
You shoot an arrow. The arrow barely misses the cyclops.
You gain the combat prowess of a mighty hero.
You now have 13/15 mp.
You shoot an arrow. The arrow hits the cyclops!
The cyclops is moderately wounded.
You shoot an arrow. The arrow hits the cyclops!
The cyclops is moderately wounded.
The cyclops throws a large rock.
The large rock hits you!!
You take 19 damage, and have 36/61 hp.
MASSIVE DAMAGE!!
You shoot an arrow.
The arrow hits the cyclops but does no damage.
The cyclops is moderately wounded.
You shoot an arrow. The arrow hits the cyclops!
The cyclops is heavily wounded.
You shoot an arrow.
The arrow hits the cyclops but does no damage.
The cyclops is heavily wounded.
You shoot an arrow. The arrow hits the cyclops!
The cyclops is severely wounded.
You shoot an arrow. The arrow hits the cyclops!
The cyclops is almost dead.
You shoot an arrow. The arrow hits the cyclops!
You kill the cyclops!
Okawaru is honoured by your kill.
d - 131 arrows (gained 1)
Things that are here:
5 large rocks; a +1 flail of protection You start resting.
Magic restored.
MP restored: 15 You start resting.
You feel like a meek peon again.
You regained 3 hp, and now have 41/61 hp.
You start resting.
HP restored.
Health restored: 61
d - 134 arrows (gained 3)
d - 137 arrows (gained 3)
d - 140 arrows (gained 3)
d - 142 arrows (gained 2)
d - 143 arrows (gained 1)
You see here a +0 dagger.
d - 144 arrows (gained 1)
You open the door.
A jelly comes into view.
The jelly quivers.
The jelly moves out of view.
A yak comes into view.
You shoot an arrow. The arrow hits the jelly!
The jelly is heavily wounded.
You shoot an arrow. The arrow completely misses the jelly.
The arrow hits the yak!
The yak is moderately wounded.
The jelly barely misses you.
You shoot an arrow. The arrow barely misses the jelly.
You sense an unholy aura.
b - the +10 whip of the Absolute Madman (weapon)
{drain, MP+9 Stlth+} The jelly hits you but does no damage.
You whack the jelly!
You kill the jelly!
Okawaru accepts your kill.
You barely miss the yak.
The yak is moderately wounded.
The yak closely misses you.
You barely miss the yak.
The yak is moderately wounded.
The yak gores you but does no damage.
You hit the yak. You drain the yak.
The yak is moderately wounded.
The yak barely misses you.
You whack the yak! You drain the yak.
The yak is severely wounded.
The yak gores you.
You take 1 damage, and have 60/61 hp.
You whack the yak!
The yak is almost dead.
The yak completely misses you.
You whack the yak!
You kill the yak!
Okawaru accepts your kill.
Health restored: 61 No target in view!
a - a +3 shortbow (weapon)
You now have 15/15 mp.
Press: ? - help, v - describe, . - travel An open door.
Placed new exclusion.
Reduced exclusion size to a single square.
Unknown command.
d - 142 arrows (gained 1)
The orc knight shouts!
An orc knight is nearby!
An orc knight is nearby!
You shoot an arrow.
The arrow hits the orc knight but does no damage.
Found 10 gold pieces.
There is a stone staircase leading up, spattered with blood here.
You gain the combat prowess of a mighty hero.
You now have 13/15 mp.
You shoot an arrow. The arrow hits the orc knight!
The orc knight is lightly wounded.
You shoot an arrow.
The arrow hits the orc knight but does no damage.
The orc knight is lightly wounded.
You shoot an arrow. The arrow barely misses the orc knight.
You shoot an arrow. The arrow hits the orc knight.
The orc knight is lightly wounded.
The orc knight hits you from afar with a +0 halberd!
You take 12 damage, and have 49/61 hp.
You shoot an arrow.
The arrow hits the orc knight but does no damage.
The orc knight is lightly wounded.
You shoot an arrow. The arrow hits the orc knight.
The orc knight is moderately wounded.
The orc knight hits you from afar with a +0 halberd.
You take 2 damage, and have 47/61 hp.
You shoot an arrow.
The arrow hits the orc knight but does no damage.
The orc knight is moderately wounded.
The orc knight hits you from afar with a +0 halberd!!
You take 20 damage, and have 27/61 hp.
MASSIVE DAMAGE!!
MP restored: 15 The orc knight hits you from afar with a +0 halberd.
You take 1 damage, and have 28/61 hp.
The orc knight hits you from afar with a +0 halberd!!
You die...

#....# #.# #.# #..#.#
#....#####.#########.# #..#.#
#....................###..#.####
'....###....########...........##
#....# #....# #.......∩.......#
#....###.(..#####................
#........(.......................
#........(..#####........<.......
#....).....#####@####...........[
#....)...<.#..#..#.[#............
#........).#..o..'..#............
#.....)..#.##'#..#+##...........#
#........#.........#...........##
'........####......#.........###
#..).....# ##'#..#+##...<....#
#........###).'..').#..(.....#
#.#........#).##.#).#...)....##


You could see an orc knight.

Vanquished Creatures
  A cyclops (D:10)
  The ghost of rz the Magician, a novice GnWz of Okawaru (D:6)
  A komodo dragon (D:9)
  A troll (D:10)
  A yak (D:10)
  A wraith (D:10)
  A water moccasin (D:9)
  A sky beast (D:8)
  3 ice beasts
  6 orc warriors
  2 ogres
  3 centaurs
  2 kobold brigands
  2 phantoms
  5 bullfrogs
  A gnoll sergeant (D:7)
  A scorpion (D:10)
  15 wights
  A howler monkey (D:6)
  A centaur zombie (D:7)
  A centaur skeleton (D:6)
  4 hounds
  4 orc priests
  3 jellies
  A gnoll shaman (D:7)
  3 bullfrog skeletons
  6 worker ants
  Terence (D:2)
  3 iguanas
  8 orc wizards
  A hound skeleton (D:4)
  A hound zombie (D:6)
  16 gnolls
  11 adders
  2 howler monkey skeletons
  A white imp (D:6)
  An ufetubus (D:10)
  2 oozes
  2 adder zombies (D:5)
  3 worms
  A dart slug (D:1)
  7 leopard geckos
  50 orcs
  11 bats
  11 giant cockroaches
  6 goblins
  14 hobgoblins
  5 jackals
  15 kobolds
  A quokka (D:2)
  4 ball pythons
  7 frilled lizards
  A jackal skeleton (D:7)
  5 rats
262 creatures vanquished.

Vanquished Creatures (others)
  A human (D:7)
  7 plants
  A withered plant (D:5)
9 creatures vanquished.

Grand Total: 271 creatures vanquished

Notes
Turn   | Place    | Note
-------+----------+-------------------------------------------
     0 | D:1      | mdonais the Deep Elf Hunter began the quest for the Orb.
     0 | D:1      | Reached XP level 1. HP: 12/12 MP: 3/3
    93 | D:1      | Found Orajenuiph's Weapon Boutique.
   115 | D:1      | Reached XP level 2. HP: 17/17 MP: 4/4
   660 | D:1      | Reached XP level 3. HP: 21/21 MP: 5/5
  1402 | D:2      | Reached XP level 4. HP: 24/26 MP: 6/6
  1508 | D:2      | Found a snail-covered altar of Cheibriados.
  1842 | D:2      | Noticed Terence
  1878 | D:2      | Found an opulent altar of Gozag.
  1891 | D:2      | Found Gozag's Platinum Reserve.
  2241 | D:2      | Reached skill level 6 in Bows
  3045 | D:3      | Reached XP level 5. HP: 29/31 MP: 7/7
  4895 | D:4      | Found Ziulid Inen's Magic Scroll Shop.
  5023 | D:4      | Bought a scroll of teleportation for 33 gold pieces
  5310 | D:4      | Found a stormy altar of Qazlal.
  5312 | D:4      | Noticed a water elemental
  5312 | D:4      | Noticed an air elemental
  5312 | D:4      | Noticed a fire elemental
  5334 | D:4      | Found a staircase to the Ecumenical Temple.
  5343 | Temple   | Entered the Ecumenical Temple
  5644 | D:4      | Noticed an ogre
  5649 | D:4      | Killed an ogre
  5650 | D:4      | Reached XP level 6. HP: 37/37 MP: 8/8
  6248 | D:5      | Entered Level 5 of the Dungeon
  6310 | D:5      | Found an ancient bone altar of Kikubaaqudgha.
  6594 | D:5      | Reached skill level 7 in Bows
  7102 | D:5      | Reached skill level 5 in Dodging
  7102 | D:5      | Reached XP level 7. HP: 41/41 MP: 9/9
  7581 | D:5      | Found an ornate altar of the Wu Jian Council.
  7581 | D:5      | Found an iron altar of Okawaru.
  7584 | D:5      | Became a worshipper of Warmaster Okawaru
  8792 | D:5      | Reached skill level 1 in Invocations
  8906 | D:5      | Found an ancient bone altar of Kikubaaqudgha.
  9177 | D:5      | Found an ornate altar of the Wu Jian Council.
  9177 | D:5      | Found an iron altar of Okawaru.
  9825 | D:6      | Identified the +1 scale mail of Context {Rampage rPois
                  | Int+3}
  9957 | D:5      | Reached skill level 8 in Bows
 10245 | D:6      | Reached XP level 8. HP: 41/48 MP: 11/11
 10720 | D:6      | Reached * piety under Okawaru
 11219 | D:6      | Found an opulent altar of Gozag.
 11249 | D:6      | Found a hide-covered altar of Uskayaw.
 11265 | D:6      | Identified the +10 whip of the Absolute Madman {drain, MP+9
                  | Stlth+}
 11289 | D:6      | Found a transporter.
 11489 | D:6      | Noticed rz's ghost (novice GnWz)
 11513 | D:6      | Found a transporter.
 11753 | D:6      | Found a radiant altar of Vehumet.
 11809 | D:6      | Found a glowing silver altar of Zin.
 12103 | D:7      | Reached skill level 1 in Armour
 12495 | D:7      | Reached skill level 5 in Fighting
 12495 | D:7      | Reached skill level 9 in Bows
 12564 | D:7      | Noticed Maggie
 13401 | D:7      | Reached XP level 9. HP: 54/54 MP: 13/13
 13411 | D:7      | Found an ancient bone altar of Kikubaaqudgha.
 13421 | D:7      | Found a transporter.
 13428 | D:7      | Found a hazy altar of Hepliaklqana.
 13439 | D:7      | Reached ** piety under Okawaru
 13514 | D:7      | Identified the ring of Taholle {*Slow AC+4 Str+7 Slay+2}
 13524 | D:7      | Noticed rz's ghost (novice MfVM)
 13654 | D:7      | Found a transporter.
 13660 | D:7      | Identified the +0 ring mail "Yrietake" {rN+ Str-2 Dex+4
                  | Slay+3}
 13920 | D:2      | Found a snail-covered altar of Cheibriados.
 13932 | D:2      | Killed Terence
 14019 | D:2      | Found an opulent altar of Gozag.
 14025 | D:2      | Found Gozag's Platinum Reserve.
 14663 | D:6      | Killed rz's ghost
 14837 | D:8      | Reached skill level 10 in Bows
 15385 | D:8      | Reached skill level 1 in Evocations
 15770 | D:8      | Reached *** piety under Okawaru
 16851 | D:9      | Reached XP level 10. HP: 60/60 MP: 13/14
 16853 | D:9      | Found a staircase to the Lair.
 17148 | D:10     | Entered Level 10 of the Dungeon
 17191 | D:10     | Found an iron altar of Okawaru.
 17199 | D:10     | Identified the +8 spear of the Pure Princes {flame, Dex+7}
 17312 | D:10     | Found Quyppow's Weapon Shop.
 18245 | D:10     | Noticed a cyclops
 18324 | D:10     | Reached skill level 11 in Bows
 18325 | D:10     | Noticed an orc knight
 18337 | D:10     | Noticed a cyclops
 19063 | D:10     | Killed a cyclops
 19239 | D:10     | Reached **** piety under Okawaru
 19292 | D:10     | Slain by an orc knight

Illustrated notes

Levels and vault maps discovered:
D:1:      roderic_crop_circles_arrival_large, layout_basic, serial_shops, shop,
          st_stairs_14
D:2:      layout_basic, lemuel_doored_altar, corexii_hall_statues_deadend,
          nicolae_gozag_zags_fifth_avenue, uniq_terence
D:3:      minmay_razor_zed, layout_basic, serial_bayou_crossing
D:4:      layout_basic, minmay_temple_entry_antechambers, serial_shops, shop,
          nicolae_qazlal_style_of_elements
D:5:      layout_basic, gammafunk_temple_overflow_elements,
          kiku_gazebo_garden_becter
D:6:      layout_loops_ring, pdpol_temple_overflow_zin_treasury_gozag_greed,
          eat_drink_and_be_merry_uskayaw, kennysheep_mini_moat,
          gammafunk_ghost_arena
D:7:      layout_rooms, old_standard_altar, gammafunk_ghost_gnarly_gnolls,
          tgw_kikubaaqudgha, uniq_maggie
D:8:      layout_basic
D:9:      layout_roguey, lair_entry_dummy, hangedman_decor_growths
D:10:     minmay_the_grid_3x2 [minmay_the_grid_large_cup, minmay_the_grid_fan,
          minmay_the_grid_odd_star, minmay_the_grid_broken_lines,
          minmay_the_grid_rooms, minmay_the_grid_prize_shrinking_boxes],
          layout_rooms, serial_shops, shop, minivault_10,
          okawaru_ov_weapons_minmay, uniq_josephine
Temple:   minmay_temple_bridge_abc

Skill      XL: |  1  2  3  4  5  6  7  8  9 10 |
---------------+-------------------------------+-----
Stealth        | 2 3 4 |  4.6
Fighting       | 2 3 4 5 6 |  6.7
Dodging        | 3 4 5 6 7 8 9 |  9.5
Bows           | 6 7 8 9 10 11 | 11.2
Invocations    | 2 3 4 |  4.0
Armour         | 2 3 4 |  4.5
Evocations     | 2 3 |  3.0

Action                   |  1- 3 |  4- 6 |  7- 9 | 10-12 || total
-------------------------+-------+-------+-------+-------++-------
Melee: Short sword       |    94 |   248 |     9 |       ||   351
       Whip              |       |       |   186 |    66 ||   252
       Mace              |       |       |    14 |       ||    14
       Halberd           |       |       |     3 |       ||     3
       Punch             |       |       |     1 |       ||     1
 Fire: Shortbow          |    42 |   155 |   347 |    97 ||   641
Throw: Dart              |       |    14 |     2 |     1 ||    17
       Stone             |       |     2 |       |       ||     2
Invok: Heroism           |       |       |     6 |     7 ||    13
  Use: Scroll            |       |     4 |     6 |     4 ||    14
 Stab: Sleeping          |     2 |     3 |       |       ||     5
Armor: Leather armour    |    40 |    65 |       |       ||   105
       Ring mail         |       |       |    10 |       ||    10
       Scale mail        |       |       |    28 |       ||    28
       Chain mail        |       |       |    94 |    49 ||   143
Dodge: Dodged            |    94 |   222 |   164 |    73 ||   553

Table legend: (Time is in decaauts)
 A = Elapsed time spent in this place.
 B = Non-inter-level travel time spent in this place.
 C = Inter-level travel time spent in this place.
 D = Time resting spent in this place.
 E = Time spent auto-exploring this place.
 F = Levels seen in this place.
 G = Mean time per level.
                   A        B        C        D        E       F      G
               +--------+--------+--------+--------+--------+-----+--------+
         Total |  19208 |  17835 |   1373 |   6742 |   7161 |  11 | 1746.2 |
       Dungeon |  19122 |  17805 |   1317 |   6742 |   7132 |  10 | 1912.2 |
        Temple |     86 |     30 |     56 |      0 |     29 |   1 |   86.0 |
               +--------+--------+--------+--------+--------+-----+--------+

Top non-repeatable levels by time:
     D:5: 4243 daAuts
     D:3: 2257 daAuts
     D:6: 2179 daAuts
     D:9: 2065 daAuts
     D:2: 1863 daAuts
     D:4: 1863 daAuts
     D:8: 1559 daAuts
     D:1: 1430 daAuts
    D:10: 851 daAuts
     D:7: 806 daAuts
  Temple: 86 daAuts
